 Dungeon Crawl Stone Soup version 0.28-a0-533-g9f97627e2a (webtiles) character file.

Game seed: 6185524802160182800

252 speeev33 the Covered (level 6, -2/39 HPs)
             Began as a Gargoyle Fighter on Sept 25, 2021.
             Engulfed by a cloud of flame (23 damage)
             ... on level 3 of the Dungeon.
             The game lasted 00:02:51 (2182 turns).

speeev33 the Covered (Gargoyle Fighter)             Turns: 2182, Time: 00:02:51

Health: -2/39      AC: 15    Str: 21    XL:     6   Next: 13%
Magic:  6/6        EV:  7    Int:  9    God:
Gold:   99         SH:  4    Dex:  9    Spells: 5/5 levels left

rFire   . . .      SeeInvis .   a - +0 flail
rCold   . . .      Faith    .   c - +0 buckler
rNeg    + . .      Spirit   .   j - +0 chain mail
rPois   ∞          Reflect  .   (no helmet)
rElec   +          Harm     .   (no cloak)
rCorr   .          Rampage  .   (no gloves)
Will    .....                   f - +0 pair of boots
Stlth   ..........              (no amulet)
HPRegen 0.13/turn               (no ring)
MPRegen 0.10/turn               (no ring)

@: no status effects
A: sickness immunity, AC +4, negative energy resistance 1, electricity
resistance, torment resistance 1, petrification resistance
a: no special abilities


You were on level 3 of the Dungeon.
You visited 1 branch of the dungeon, and saw 3 of its levels.

You collected 99 gold pieces.

Inventory:

Hand Weapons
 a - a +0 flail (weapon)
 e - a +0 halberd
Armour
 c - a +0 buckler (worn)
 f - a +0 pair of boots (worn)
 j - a +0 chain mail (worn)
Potions
 d - a potion of might
 g - 3 potions of curing
 i - a potion of mutation {unknown}


   Skills:
 + Level 4.7 Fighting
 + Level 3.8 Maces & Flails
 + Level 4.7 Armour
 - Level 4.0 Shields


You had 5 spell levels left.
You didn't know any spells.
Your spell library contained the following spells:

 Spells                   Type           Power      Damage    Failure   Level
 Ignite Poison            Fire/Tmut/Pois 0%         N/A       100%        3
 Mephitic Cloud           Conj/Pois/Air  0%         N/A       100%        3
 Freezing Cloud           Conj/Ice/Air   0%         6-21      100%        5


Dungeon Overview and Level Annotations

Branches:
Dungeon (3/15)

Altars:


Innate Abilities, Weirdness & Mutations

You are immune to sickness and miasma.
Your stone body is resilient. (AC +4)
You are immune to poison.
You resist negative energy. (rN+)
You are resistant to electric shocks. (rElec)
You are resistant to unholy torment.
You are immune to petrification.


Message History

No target in view!
You see here a +0 chain mail.
j - a +0 chain mail You start removing your armour.
You continue taking off your +0 scale mail. x4
You finish taking off your +0 scale mail.
You start putting on your armour.
You continue putting on your +0 chain mail. x5
You finish putting on your +0 chain mail.
You drop a +0 scale mail.
You drop a scroll of noise.
You open the door.
There is an open door here.
Found 17 poisoned darts.
A ball python comes into view.
The ball python hisses angrily.
A ball python is nearby!
You barely miss the ball python.
The ball python bites you but does no damage.
The ball python grabs you. The ball python constricts you.
You hit the ball python.
You kill the ball python!
No target in view!
No target in view!
No target in view!
No target in view!
No target in view!
No target in view!
No target in view!
No target in view!
No target in view!
As you open the door, it creaks loudly!
There is an open door here.
Really walk into a travel-excluded area?
Found a scroll of identify, a leather armour and 26 stones.
You are engulfed in blazing flames.
You are engulfed in blazing flames.
You are engulfed in blazing flames.
Ouch! That really hurt!
You die...

........## .......†'#
..# .........## ..#
#.........# §○.#
#.........## §§○#
#..........#####...###
#...(.......§○☼...?...
#...........§○○.?=[..○
#.........#.°§@.!.(.§§
#.........######...###
#.........# °○#
#.........## ☼#
######.....# #
#.#########
#.#.?...#.#
#.#.###.#.#
#.#...#.#.#


There were no monsters in sight!

Vanquished Creatures
  Sigmund (D:2)
  3 gnolls
  2 adders
  2 dart slugs (D:2)
  2 endoplasms
  6 goblins
  2 hobgoblins
  5 jackals
  3 quokkas
  5 ball pythons
  2 frilled lizards
  6 kobolds
  2 rats
41 creatures vanquished.

Notes
Turn   | Place    | Note
-------+----------+-------------------------------------------
     0 | D:1      | speeev33 the Gargoyle Fighter began the quest for the Orb.
     0 | D:1      | Reached XP level 1. HP: 14/14 MP: 1/1
   323 | D:1      | Reached XP level 2. HP: 19/19 MP: 2/2
   740 | D:1      | Found a faded altar of an unknown god.
  1133 | D:2      | Reached XP level 3. HP: 11/23 MP: 3/3
  1564 | D:2      | Reached XP level 4. HP: 24/29 MP: 4/4
  1587 | D:2      | Noticed Sigmund
  1595 | D:2      | Killed Sigmund
  1596 | D:2      | Reached XP level 5. HP: 16/34 MP: 5/5
  1596 | D:2      | Reached XP level 6. HP: 19/39 MP: 6/6
  2182 | D:3      | Engulfed by a cloud of flame

Illustrated notes

Levels and vault maps discovered:
D:1:      dpeg_arrival_three_smaller_balls, layout_loops_corners,
          chequers_ecumenical_altar_simple, minmay_statues_item,
          minmay_heptomino_h4
D:2:      layout_rooms, uniq_sigmund
D:3:      layout_basic, lemuel_flame_loot_1, uniq_crazy_yiuf_cottage,
          uniq_jessica

Skill      XL: |  1  2  3  4 |
---------------+-------------+-----
Fighting       | 4 |  4.7
Maces & Flails | 3 |  3.8
Armour         | 4 |  4.7
Shields        | 4 |  4.0

Action                   |  1- 3 |  4- 6 || total
-------------------------+-------+-------++-------
Melee: Flail             |   109 |    59 ||   168
  Use: Scroll            |     3 |       ||     3
       Potion            |       |     1 ||     1
Armor: Scale mail        |    77 |    23 ||   100
       Chain mail        |       |     1 ||     1
Dodge: Dodged            |    54 |    16 ||    70
Block: Buckler           |    34 |    11 ||    45

Table legend: (Time is in decaauts)
 A = Elapsed time spent in this place.
 B = Non-inter-level travel time spent in this place.
 C = Inter-level travel time spent in this place.
 D = Time resting spent in this place.
 E = Time spent auto-exploring this place.
 F = Levels seen in this place.
 G = Mean time per level.
                   A        B        C        D        E       F      G
               +--------+--------+--------+--------+--------+-----+--------+
         Total |   2231 |   2153 |     78 |    595 |   1129 |   3 |  743.7 |
       Dungeon |   2231 |   2153 |     78 |    595 |   1129 |   3 |  743.7 |
               +--------+--------+--------+--------+--------+-----+--------+

Top non-repeatable levels by time:
     D:1: 1493 daAuts
     D:2: 657 daAuts
     D:3: 81 daAuts
